Map: Tokamak LE

Players

Sindyr

  • Race: Protoss Protoss
  • League: Master
  • Spawn Location: 1:00

miroglu - Winner!

  • Race: Protoss Protoss
  • League: Gold
  • Spawn Location: 7:00

VOD

Have the link to the VOD?

Description

Time

  • Played on: Oct. 13, 2025, 10:46 a.m.
  • Length: 6:05
Show
View Real Time Build Order
Export as new Build Order

Sindyr Protoss 

Build Orders: Double Forge 

Get SALT Encoding   

  12  0:05  Probe  
  13  0:17  Probe  
  14  0:24  Pylon  
  14  0:29  Probe  
  15  0:42  Probe, Gateway  
  16  0:56  Probe  
  16  0:57  Assimilator  
  16  0:59  Assimilator  
  17  1:04  Probe  
  18  1:12  Probe  
  19  1:24  Probe  
  20  1:35  Cybernetics Core  
  20  1:36  Probe  
  21  1:42  Pylon  
  21  1:45  Probe  
  21  1:53  Probe  
  22  1:56  Warp Gate  
  23  2:02  Probe  
  24  2:08  Nexus  
  24  2:14  Probe  
  25  2:35  Zealot  
  25  3:08  Forge  
  25  3:12  Robotics Facility  
  25  3:21  Probe  
  25  3:22  Pylon  
  25  3:24  Probe  
  27  3:29  Probe  
  28  3:36  Probe  
  28  3:38  Probe  
  31  3:48  Probe  
  31  3:49  Pylon  
  31  3:50  Protoss Ground Weapons Level 1, Probe  
  31  3:52  Stalker  
  34  3:59  Observer  
  34  4:00  Probe  
  36  4:03  Probe  
  37  4:11  Pylon  
  37  4:21  Twilight Council  
  37  4:24  Forge  
  37  4:38  Stalker  
  38  4:56  Probe x2  
  40  5:01  Assimilator  
  40  5:05  Assimilator  
  40  5:08  Probe x2  
  40  5:14  Stalker  
  44  5:20  Probe x2  
  43  5:32  Probe x2  
  40  5:40  Stalker  
  40  5:41  Gateway  
  36  5:43  Gateway  
  36  5:44  Probe  
  36  5:45  Probe  
Show
View Real Time Build Order
Export as new Build Order

miroglu Protoss - Winner!

Build Orders:  

Get SALT Encoding   

  12  0:02  Probe  
  13  0:10  Probe  
  14  0:20  Probe  
  15  0:31  Pylon  
  15  0:50  Gateway  
  15  0:53  Probe  
  16  0:59  Assimilator  
  16  1:03  Probe  
  16  1:06  Assimilator  
  16  1:11  Probe  
  18  1:19  Probe  
  19  1:31  Probe  
  20  1:41  Zealot  
  20  1:44  Probe  
  23  1:58  Cybernetics Core  
  23  2:01  Pylon  
  23  2:19  Probe  
  24  2:31  Probe  
  25  2:43  Probe  
  24  2:45  Nexus  
  24  2:55  Probe  
  25  2:59  Stargate  
  25  3:01  Stargate  
  25  3:05  Probe  
  26  3:13  Probe, Protoss Air Weapons Level 1  
  26  3:15  Pylon  
  27  3:23  Probe, Adept  
  30  3:32  Assimilator  
  30  3:40  Pylon  
  34  3:55  Void Ray  
  34  4:01  Void Ray  
  38  4:22  Probe  
  39  4:34  Probe  
  40  4:46  Probe  
  45  4:54  Void Ray  
  45  4:58  Probe, Void Ray  
  48  5:05  Pylon  
  48  5:10  Probe  
  49  5:22  Probe  
  50  5:35  Probe  
  51  5:47  Probe  
Tags
 
Matchup
PvP
Replay Pack
Multiplayer
Spawn Locations
Cross Positions
Add a new tag
Caveats
  • Supply blocks, unpowered buildings, or Contaminate may cause inaccurate times.
  • Supply counts are checked every 10 seconds.